 Dungeon Crawl Stone Soup version 0.27-a0-520-gb83adbd1c9 (webtiles) character file.

Game seed: 3303479847499070624

18 Gaff the Sneak (level 2, 0/19 HPs)
             Began as an Octopode Brigand on Mar 4, 2021.
             Slain by a jackal (2 damage)
             ... on level 1 of the Dungeon.
             The game lasted 00:01:43 (589 turns).

Gaff the Sneak (Octopode Brigand)                    Turns: 589, Time: 00:01:43

Health: 0/19       AC:  1    Str: 10    XL:     2   Next: 66%
Magic:  2/2        EV: 13    Int: 13    God:
Gold:   53         SH:  0    Dex: 13    Spells: 1/1 levels left

rFire    . . .     SeeInvis .   a - +2 dagger
rCold    + . .     Faith    .   (no shield)
rNeg     . . .     Spirit   .   (helmet restricted)
rPois    .         Reflect  .   (no amulet)
rElec    .         Harm     .   h - ring of protection from cold
rCorr    .         Rampage  .   (no ring)
Will     .....                  (no ring)
Stlth    ++++......             (no ring)
HPRegen  0.06/turn              (no ring)
MPRegen  0.08/turn              (no ring)
                                (no ring)
                                (no ring)

@: no status effects
A: almost no armour, stealthy swim, amphibious, 8 rings, constrict 8, camouflage
1, gelatinous body 1
a: no special abilities


You were on level 1 of the Dungeon.
You visited 1 branch of the dungeon, and saw 1 of its levels.

You collected 53 gold pieces.

Inventory:

Hand Weapons
 a - a +2 dagger (weapon)
Missiles
 b - 8 poisoned darts (quivered)
 c - 2 curare-tipped darts
 f - 8 datura-tipped darts
Jewellery
 h - a ring of protection from cold (left tentacle)
Scrolls
 d - a scroll of fog {unknown}
 e - a scroll of identify {unknown}
 g - a scroll of enchant weapon {unknown}
Potions
 i - a potion of curing {unknown}


   Skills:
 + Level 2.1 Fighting
 + Level 2.0 Short Blades
 - Level 2.0 Throwing
 * Level 1.4 Dodging
 + Level 6.0 Stealth


You had one spell level left.
You didn't know any spells.
Your spell library was empty.

Dungeon Overview and Level Annotations

Branches:
Dungeon (1/15)

Altars:


Innate Abilities, Weirdness & Mutations

You cannot wear most types of armour.
You are very stealthy in the water. (Stealth+)
You are amphibious.
You can wear up to eight rings at the same time.
You can use your tentacles to constrict eight enemies at once.
Your skin changes colour to match your surroundings (Stealth+).
Your rubbery body absorbs attacks. (AC +1, EV +1)


Message History

The bat barely misses you. The hobgoblin barely misses you.
The bat hits you but does no damage.
A jackal comes into view.
You closely miss the hobgoblin.
The jackal barks!
The hobgoblin shouts!
You grab the hobgoblin. You constrict the hobgoblin. The bat misses you.
The hobgoblin closely misses you.
You hit the hobgoblin but do no damage.
The hobgoblin is lightly wounded.
You constrict the hobgoblin. The bat hits you but does no damage.
The jackal closely misses you. The hobgoblin hits you.
You release your grip on the hobgoblin.
The bat hits you but does no damage.
The jackal bites you but does no damage.
The jackal closely misses you. x2; The hobgoblin hits you.
The bat hits you. The jackal bites you.
You see here 8 gold pieces.
You hit the bat. Your grab misses the bat.
The bat is severely wounded.
The bat barely misses you.
The jackal bites you but does no damage. x2
The hobgoblin hits you.
* * * LOW HITPOINT WARNING * * *
The jackal misses you. The bat barely misses you.
The jackal closely misses you. The jackal barely misses you.
The bat closely misses you. The bat barely misses you.
You see here a frilled lizard corpse.
You barely miss the jackal. You grab the jackal. You squeeze the jackal.
The jackal is heavily wounded.
You constrict the jackal, but do no damage.
The jackal bites you.
* * * LOW HITPOINT WARNING * * *
You release your grip on the jackal.
The jackal misses you.
You closely miss the jackal. You grab the jackal.
Your squeeze misses the jackal.
The jackal is moderately wounded.
You constrict the jackal. The jackal misses you.
You release your grip on the jackal.
The jackal bites you.
You die...

.........##...##.................
...............†.................
......................>$.........
.###............#.###gl.......>..
...............#....†#.?...#.....
####..........##.....####### ####
####..........##.bh..#
..............##.h...#
....#.........(.@h...#
..............##.....#
..............##.....#
).............##.....#
..............########
#.............# #####........##
##......## ########


You could see a leopard gecko, 3 jackals, a hobgoblin and a bat.

Vanquished Creatures
  An ooze (D:1)
  A giant cockroach (D:1)
  2 goblins (D:1)
  4 hobgoblins (D:1)
  A bat (D:1)
  A frilled lizard (D:1)
  3 rats (D:1)
13 creatures vanquished.

Notes
Turn   | Place    | Note
-------+----------+-------------------------------------------
     0 | D:1      | Gaff the Octopode Brigand began the quest for the Orb.
     0 | D:1      | Reached XP level 1. HP: 14/14 MP: 1/1
   271 | D:1      | Reached XP level 2. HP: 10/19 MP: 2/2
   463 | D:1      | Reached skill level 6 in Stealth
   589 | D:1      | Slain by a jackal

Illustrated notes

Levels and vault maps discovered:
D:1:      dpeg_arrival_ternary, layout_rooms

Skill      XL: |  1  2 |
---------------+-------+-----
Stealth        | 6 |  6.0
Fighting       | |  2.1
Short Blades   | |  2.0
Throwing       | |  2.0
Dodging        | |  1.4

Action                   || total
-------------------------++-------
Melee: Dagger            ||    36
       Constrict         ||    10
       Tentacles         ||     4
 Stab: Sleeping          ||     2
Armor: Skin              ||     8
Dodge: Dodged            ||    43

Table legend: (Time is in decaauts)
 A = Elapsed time spent in this place.
 B = Non-inter-level travel time spent in this place.
 C = Inter-level travel time spent in this place.
 D = Time resting spent in this place.
 E = Time spent auto-exploring this place.
 F = Levels seen in this place.
 G = Mean time per level.
                   A        B        C        D        E       F      G
               +--------+--------+--------+--------+--------+-----+--------+
         Total |    584 |    584 |      0 |    138 |    234 |   1 |  584.0 |
       Dungeon |    584 |    584 |      0 |    138 |    234 |   1 |  584.0 |
               +--------+--------+--------+--------+--------+-----+--------+

Top non-repeatable levels by time:
     D:1: 584 daAuts
